 Dungeon Crawl Stone Soup version 0.28-b1 (webtiles) character file.

Game seed: 3381170739810410399

76 Kaptain the Magician (level 4, 0/24 HPs)
             Began as a Deep Elf Earth Elementalist on Jan 26, 2022.
             Slain by a jackal (2 damage)
             ... on level 2 of the Dungeon.
             The game lasted 00:04:12 (1160 turns).

Kaptain the Magician (Deep Elf Earth Elementalist)  Turns: 1160, Time: 00:04:13

Health: 0/24       AC:  2    Str:  5    XL:     4   Next: 12%
Magic:  0/12       EV: 13    Int: 22    God:
Gold:   99         SH:  0    Dex: 21    Spells: 7/11 levels left

rFire   . . .      SeeInvis .   e - +1 spear
rCold   . . .      Faith    .   (no shield)
rNeg    . . .      Spirit   .   b - +0 robe
rPois   .          Reflect  .   (no helmet)
rElec   .          Harm     .   (no cloak)
rCorr   .          Rampage  .   (no gloves)
Will    .....                   (no boots)
Stlth   +++.......              (no amulet)
HPRegen 0.08/turn               j - +6 ring of dexterity
MPRegen 0.13/turn               (no ring)

@: no status effects
A: no striking features
a: no special abilities


You were on level 2 of the Dungeon.
You visited 1 branch of the dungeon, and saw 2 of its levels.

You collected 99 gold pieces.

Inventory:

Hand Weapons
 e - a +1 spear (weapon)
 g - a +0 mace
Missiles
 c - 16 stones
Armour
 b - a +0 robe (worn)
Jewellery
 j - a +6 ring of dexterity (left hand)
Scrolls
 a - a scroll of identify
 d - a scroll of enchant armour
 f - a scroll of enchant weapon


   Skills:
 + Level 0.6 Fighting
 + Level 0.7 Armour
 + Level 2.9 Dodging
 + Level 2.9 Stealth
 * Level 4.0 Spellcasting
 * Level 1.0 Conjurations
 - Level 1.1 Transmutations
 * Level 3.8 Earth Magic


You had 7 spell levels left.
You knew the following spells:

 Your Spells              Type           Power      Damage    Failure   Level
a - Sandblast             Erth           42%        2d11      2%          1
b - Stone Arrow           Conj/Erth      30%        3d8       12%         3

Your spell library contained the following spells:

 Spells                   Type           Power      Damage    Failure   Level
 Passwall                 Tmut/Erth      12%        N/A       6%          2
 Petrify                  Tmut/Erth      15%        N/A       38%         4


Dungeon Overview and Level Annotations

Branches:
Dungeon (2/15)

Altars:


Message History

You hit the jackal.
The jackal is heavily wounded.
Something bites the plant.
The plant begins to die.
The jackal bites you.
* * * LOW HITPOINT WARNING * * *
The jackal closely misses you.
Something bites the plant.
You closely miss the jackal.
The jackal is moderately wounded.
The jackal barely misses you.
Something bites the plant.
You hit the jackal.
The jackal is almost dead.
Something bites the plant.
The jackal barely misses you.
Something bites the plant.
The jackal bites you but does no damage.
Casting: Stone Arrow (quite dangerous; 12% risk of failure)
Confirm with . or Enter, or press ? or * to list all spells.
The spell is quite dangerous to miscast (12% risk of failure)!
Continue anyway?
Aiming: Stone Arrow (quite dangerous; 12% risk of failure)
Press: ? - help, Shift-Dir - straight line, f - jackal
Aim: a jackal (almost dead, 60% to hit)
The stone arrow hits the jackal!
You kill the jackal!
A nearby plant withers and dies.
Unknown command.
You aren't carrying any potions.
Unknown command.
Unknown command.
As you read the scroll labelled EREATICZYAWK, it crumbles to dust.
It is a scroll of enchant weapon.
Your +0 spear glows red for a moment.
The jackal barely misses you. The jackal closely misses you.
You barely miss the jackal. The jackal misses you.
You hit the jackal.
The jackal is heavily wounded.
The jackal bites you but does no damage.
The jackal misses you.
As you read the scroll labelled SUCIQU IGUMA, it crumbles to dust.
The scroll dissolves into smoke.
It was a scroll of fog.
The jackal barely misses you. The jackal bites you.
You die...

##........##.......# #
..#####...##†.....#.#P #.#
###........#.#.# ..###
#<#......#.#.# #
....#####........#.#.# .#
#.....##.......§§#§#.# .###
##.##".....#...§§#§#.##....#
#†#...........§§h#)#.h...#
##....)........§@§§#h##...#..
.....##..##.##..#§§§#..^....#
###†.##.##..#....#§..##...!##
.##....(......##..#.......#..
..........#######.....>.....
..........# ##............#
.......#..#####...>..........
..............#..............
......###.#.#..†............


You could see a jackal.

Vanquished Creatures
  A hound (D:2)
  An adder (D:2)
  2 dart slugs (D:1)
  An endoplasm (D:2)
  A giant cockroach (D:2)
  2 goblins
  4 hobgoblins
  4 jackals
  2 kobolds
  2 quokkas
  2 ball pythons (D:1)
  A bat (D:2)
  6 frilled lizards
  7 rats
36 creatures vanquished.

Vanquished Creatures (others)
  2 fungi (D:2)
  A plant (D:2)
3 creatures vanquished.

Grand Total: 39 creatures vanquished

Notes
Turn   | Place    | Note
-------+----------+-------------------------------------------
     0 | D:1      | Kaptain the Deep Elf Earth Elementalist began the quest for
                  | the Orb.
     0 | D:1      | Reached XP level 1. HP: 10/10 MP: 6/6
   192 | D:1      | Reached XP level 2. HP: 15/15 MP: 6/8
   791 | D:2      | Reached XP level 3. HP: 20/20 MP: 10/10
   795 | D:2      | Learned a level 3 spell: Stone Arrow
  1015 | D:2      | Reached XP level 4. HP: 23/24 MP: 6/11
  1057 | D:2      | Reached skill level 4 in Spellcasting
  1136 | D:2      | Reached skill level 1 in Conjurations
  1152 | D:2      | HP: 1/24 [jackal (1)]
  1160 | D:2      | Slain by a jackal

Illustrated notes

Levels and vault maps discovered:
D:1:      nicolae_arrival_washed_ashore, layout_rooms
D:2:      layout_rooms, shapermc_ecumenical_altar_rom_forum,
          uniq_crazy_yiuf_cottage

Skill      XL: |  1  2  3  4 |
---------------+-------------+-----
Spellcasting   | 4 |  4.0
Conjurations   | 1 |  1.0
Fighting       | |  0.6
Armour         | |  0.7
Dodging        | |  2.9
Stealth        | |  2.9
Transmutations | |  1.1
Earth Magic    | |  3.8

Action                   |  1- 3 |  4- 6 || total
-------------------------+-------+-------++-------
Melee: Spear             |    15 |    14 ||    29
 Cast: Sandblast         |    34 |       ||    34
       Stone Arrow       |     6 |     6 ||    12
  Use: Scroll            |       |     3 ||     3
Armor: Robe              |     6 |     4 ||    10
Dodge: Dodged            |    18 |    19 ||    37
